 Dungeon Crawl Stone Soup version 0.29.0-11-gd7f09526c8 (webtiles) character file.

Game seed: 9984389917458768015

294 VictoriousLee the Cutter (level 6, -1/29 HPs)
             Began as a Spriggan Transmuter on Sept 4, 2022.
             Was an Initiate of Gozag.
             Splashed by a jelly's acid (9 damage)
             ... on level 4 of the Dungeon.
             The game lasted 00:11:13 (4408 turns).

VictoriousLee the Cutter (Spriggan Transmuter)      Turns: 4408, Time: 00:11:14

Health: -1/29      AC:  2    Str:  6    XL:     6   Next: 11%
Magic:  11/11      EV: 17    Int: 14    God:    Gozag
Gold:   563        SH:  0    Dex: 18    Spells: 9/10 levels left

rFire   . . .      SeeInvis +   a - +2 dagger (venom)
rCold   . . .      Faith    .   (no shield)
rNeg    . . .      Spirit   .   k - +0 robe
rPois   .          Reflect  .   (helmet currently unavailable)
rElec   .          Harm     .   (no cloak)
rCorr   .          Rampage  .   (gloves unavailable)
Will    +....                   (boots unavailable)
Stlth   +++.......              (no amulet)
HPRegen 0.09/turn               (no ring)
MPRegen 0.12/turn               (no ring)

@: appendages (expiring), very quick
A: horns 2, talons 2, very small, no large weapons, unfitting armour, see
invisible, speed 3
a: End Transformation, Renounce Religion, Potion Petition, Call Merchant, Bribe
Branch


You were on level 4 of the Dungeon.
You worshipped Gozag.
Gozag was pleased with you.
You had temporarily grown beastly horns and talons.
You visited 1 branch of the dungeon, and saw 4 of its levels.
You also visited: Sewer.

You collected 563 gold pieces.

Inventory:

Hand Weapons
 a - a +2 dagger of venom (weapon)
 c - a +0 dagger
 i - a +0 sling
 s - a +0 rapier
 u - a +0 lajatang
 y - a +0 long sword
Missiles
 d - 4 boomerangs
 e - 6 curare-tipped darts
 t - 2 throwing nets
 v - 6 poisoned darts
Armour
 k - a +0 robe (worn)
Wands
 r - a wand of mindburst (5)
Scrolls
 f - a scroll of blinking {unknown}
 g - a scroll of torment {unknown}
 h - 2 scrolls of vulnerability {unknown}
 l - a scroll of enchant armour {unknown}
 m - a scroll of magic mapping {unknown}
 o - a scroll of teleportation {unknown}
 q - 3 scrolls of identify {unknown}
Potions
 b - 3 potions of lignification
 j - a potion of curing
 n - a potion of flight {unknown}
 p - 3 potions of attraction {unknown}
 w - a potion of magic {unknown}
 x - a potion of degeneration {unknown}
 z - 2 potions of mutation {unknown}
 A - a potion of cancellation {unknown}


   Skills:
 - Level 0.7 Fighting
 * Level 5.5 Short Blades
 - Level 0.1 Armour
 - Level 2.6 Dodging
 + Level 5.0 Stealth
 - Level 2.4 Unarmed Combat
 - Level 2.6 Spellcasting
 - Level 2.6 Transmutations


You had 9 spell levels left.
You knew the following spells:

 Your Spells              Type           Power      Damage    Failure   Level
a - Beastly Appendage     Tmut           18%        N/A       8%          1

Your spell library contained the following spells:

 Spells                   Type           Power      Damage    Failure   Level
 Wereblood                Tmut           9%         N/A       11%         2
 Spider Form              Tmut/Pois      5%         N/A       36%         3
 Ice Form                 Ice/Tmut       5%         N/A       77%         4


Dungeon Overview and Level Annotations

Branches:
Dungeon (4/15)              Sewer (visited)
 Temple: D:4-7

Altars:
Gozag
Hepliaklqana
Makhleb
Okawaru
Wu Jian
The Shining One

Shops:
D:3 [


Innate Abilities, Weirdness & Mutations

You have temporarily grown beastly horns and talons.
You are very small and have problems with some larger weapons.
You are too small for most types of armour.
You have supernaturally acute eyesight. (SInv)
You cover ground extremely quickly. (Speed+++)


Message History

You hit the orc but do no damage. Your headbutt misses the orc.
The orc is heavily wounded.
You hit the orc.
You kill the orc!
Your Stealth skill increases to level 5!
Your transformation is almost over.
You see here a +0 long sword.
y - a +0 long sword You now have 556 gold pieces (gained 5).
Things that are here:
a +0 whip; a +0 ring mail You now have 563 gold pieces (gained 7).
You see here a +0 war axe.
Your horns disappear.
Your talons disappear.
HP restored.
You see here a +0 mace.
There is an open door here.
A jelly comes into view.
Casting: Beastly Appendage (safe; 8% risk of failure)
Press: ? - help, Q - select action, (/) - cycle Dir - look around, f - activate You grow a pair of large bovine horns.
Your feet morph into talons.
A black bear comes into view.
Found 4 stones and a book of Cantrips.
Found a chain mail.
The jelly quivers.
You hit the jelly.
Your hands burn!
You claw the jelly, but do no damage. You headbutt the jelly.
The jelly is moderately wounded.
The jelly hits you.
You are splashed with acid!
You completely miss the jelly. You claw the jelly.
The jelly is heavily wounded.
The jelly barely misses you.
Your transformation is almost over.
You hit the jelly.
The jelly is poisoned.
Your hands burn!
You claw the jelly.
The jelly is almost dead.
The jelly hits you.
* * * LOW HITPOINT WARNING * * *
You are splashed with acid!
You die...
Your body crumbles into a pile of gold.

###.....####.##.# .####.
#..)..# #.##.##.....:
###...## #.##.......
#.#...# #.##..##..
###.##.## #....##.##
###....#.# #....#.h.#
>......#'## #..##.#
#.......#####.##(.#
#............@#.J#...#
#.......#####.J###.##..#
###.##### #....#.# .[
#.# #.###.## #.# #.. ..
#.# #.. ## #.# #... #<#
###. #.#


You could see a jelly (very poisoned).

Vanquished Creatures
  A kobold brigand (Sewer)
  An orc priest (D:4)
  An iguana (D:3)
  6 adders
  2 river rats (Sewer)
  7 worms
  2 dart slugs (D:1)
  3 orcs
  11 ball pythons
  A bat (D:2)
  6 endoplasms
  2 giant cockroaches
  5 hobgoblins (D:1)
  2 jackals (D:2)
  7 kobolds
  2 quokkas
  2 frilled lizards
  5 goblins
  8 rats
74 creatures vanquished.

Vanquished Creatures (others)
  A fungus (D:1)
1 creature vanquished.

Grand Total: 75 creatures vanquished

Notes
Turn   | Place    | Note
-------+----------+-------------------------------------------
     0 | D:1      | VictoriousLee the Spriggan Transmuter began the quest for
                  | the Orb.
     0 | D:1      | Reached XP level 1. HP: 9/9 MP: 5/5
   169 | D:1      | Reached skill level 1 in Stealth
   287 | D:1      | Found a faded altar of an unknown god.
   337 | D:1      | Prayed at the altar of an unknown god.
   337 | D:1      | Became a worshipper of Gozag Ym Sagoz the Greedy
   481 | D:1      | Reached XP level 2. HP: 14/14 MP: 4/6
   927 | D:1      | Reached skill level 1 in Short Blades
  1594 | D:2      | Reached XP level 3. HP: 8/17 MP: 6/8
  2391 | D:2      | Reached XP level 4. HP: 11/21 MP: 9/9
  3109 | D:3      | Found an ornate altar of the Wu Jian Council.
  3109 | D:3      | Found a burning altar of Makhleb.
  3251 | D:3      | Found Rig Int's Armour Shop.
  3311 | D:3      | Reached XP level 5. HP: 25/25 MP: 10/10
  3398 | D:3      | Found a glowing drain.
  3412 | Sewer    | Entered a sewer
  3454 | Sewer    | Reached skill level 5 in Short Blades
  4272 | D:4      | Found a hazy altar of Hepliaklqana.
  4279 | D:4      | Reached XP level 6. HP: 29/29 MP: 11/11
  4287 | D:4      | Found a glowing golden altar of the Shining One.
  4292 | D:4      | Found an iron altar of Okawaru.
  4300 | D:4      | Reached skill level 5 in Stealth
  4408 | D:4      | Splashed by a jelly's acid

Illustrated notes

Levels and vault maps discovered:
D:1:      tarquinn_simple_flora_water_a, layout_basic,
          shapermc_ecumenical_altar_gd
D:2:      layout_basic
D:3:      layout_rooms, gammafunk_temple_overflow_elements,
          cheibrodos_sewer_entry_bend, serial_shops,
          nicolae_shop_window_shopping
D:4:      layout_loops_corners, grunt_temple_overflow_growth_and_decay,
          minmay_overflow_temple_star_quad, gammafunk_ghost_nasty_kobolds,
          hangedman_feature_mirror, minmay_strange_pillars,
          minmay_pentomino_pile, uniq_blork_the_orc

Skill      XL: |  1  2  3  4  5  6 |
---------------+-------------------+-----
Stealth        | 2 3 4 5 |  5.0
Short Blades   | 2 3 4 5 |  5.5
Fighting       | |  0.7
Armour         | |  0.1
Dodging        | |  2.6
Unarmed Combat | |  2.4
Spellcasting   | |  2.6
Transmutations | |  2.6

Action                   |  1- 3 |  4- 6 || total
-------------------------+-------+-------++-------
Melee: Dagger            |    95 |   115 ||   210
       Kick              |    20 |    12 ||    32
       Headbutt          |    14 |    13 ||    27
       Unarmed           |     1 |       ||     1
 Cast: Beastly Appendage |    25 |    20 ||    45
  Use: Potion            |       |     1 ||     1
 Stab: Sleeping          |     6 |     2 ||     8
Armor: Robe              |     2 |     3 ||     5
Dodge: Dodged            |    53 |    51 ||   104
